 Dungeon Crawl Stone Soup version 0.27-a0-1188-g73eefd5def (webtiles) character file.

Game seed: 16160753022286744195

660 spiderkeys the Chopper (level 7, -3/56 HPs)
             Began as a Formicid Berserker on May 21, 2021.
             Was a Priest of Trog.
             Slain by a wyvern (14 damage)
             ... on level 5 of the Dungeon.
             The game lasted 00:04:59 (4980 turns).

spiderkeys the Chopper (Formicid Berserker)         Turns: 4980, Time: 00:04:59

Health: -3/56      AC:  7    Str: 23    XL:     7   Next: 86%
Magic:  7/7        EV: 11    Int:  7    God:    Trog [***...]
Gold:   192        SH:  0    Dex: 10    Spells: 6/6 levels left

rFire    . . .     SeeInvis +   t - +1 war axe
rCold    . . .     Faith    .   (no shield)
rNeg     . . .     Spirit   .   n - +0 scale mail
rPois    .         Reflect  .   (helmet unavailable)
rElec    .         Harm     .   (no cloak)
rCorr    .         Rampage  .   (no gloves)
Will     .....                  (no boots)
Stlth    ..........             (no amulet)
HPRegen  0.18/turn              (no ring)
MPRegen  0.10/turn              (no ring)

@: studying Throwing
A: permanent stasis, dig shafts and tunnels, antennae 3, four strong arms
a: Dig, Shaft Self, Renounce Religion, Trog's Hand


You were on level 5 of the Dungeon.
You worshipped Trog.
Trog was most pleased with you.
You visited 1 branch of the dungeon, and saw 5 of its levels.

You collected 192 gold pieces.


Innate Abilities, Weirdness & Mutations

You cannot be hasted, slowed, berserked, paralysed or teleported.
You can dig through walls and to a lower floor.
You have a pair of large antennae on your head. (SInv)
Your four strong arms can wield two-handed weapons with a shield.


   Skills:
 + Level 5.1 Fighting
 * Level 5.8 Axes
 + Level 4.3 Armour
 + Level 3.6 Dodging


You had 6 spell levels left.
You didn't know any spells.
Your spell library contained the following spells:

 Spells                   Type           Power      Damage    Failure   Level
 Beastly Appendage        Tmut           0%         N/A       75%         1
 Wereblood                Tmut           0%         N/A       86%         2
 Spider Form              Tmut/Pois      0%         N/A       98%         3
 Ice Form                 Ice/Tmut       0%         N/A       100%        4
 Hydra Form               Tmut           0%         N/A       100%        5

Inventory:

Hand Weapons
 t - a +1 war axe (weapon)
   (You found it on level 4 of the Dungeon)
Missiles
 d - 58 sling bullets
 e - 114 stones
 j - 53 arrows
Armour
 n - a +0 scale mail (worn)
   (You found it on level 3 of the Dungeon)
Wands
 b - a wand of paralysis (9)
   (You took it off Ijyb on level 3 of the Dungeon)
 p - a wand of mindburst (2)
   (You found it on level 4 of the Dungeon)
Scrolls
 i - 2 scrolls of identify {@r1}
 o - 2 scrolls of enchant weapon
Potions
 h - 4 potions of lignification {!q}
 k - a potion of might {unknown}
 l - a potion of flight {unknown}
 m - a potion of curing {unknown}
 q - a potion of mutation {unknown}

Dungeon Overview and Level Annotations

Branches:
Dungeon (5/15)             Temple (0/1) D:4

Altars:

#### ##...# ### ##.....
..## #......####...##
.........#.....##
......l..........
....##@........###
.>.......(.####...#
...........####..#
................##
.##.!............##
.................##
...................##
......#..##.........##
.....##.##........#.###


You could see a wyvern.


Message History

The centaur skeleton kicks you but does no damage.
You slash the centaur skeleton! The centaur skeleton misses you.
The centaur skeleton kicks you but does no damage.
The centaur skeleton hits you.
The centaur skeleton kicks you but does no damage.
The howler monkey zombie barely misses you. 😮 HP[-2]
You take 2 damage, and now have 31/56 hp.
You slash the centaur skeleton!
You destroy the centaur skeleton!
Trog accepts your kill.
You hit the howler monkey zombie. The howler monkey zombie hits you.
* * * LOW HITPOINT WARNING * * *
😨 HP[-5]
You take 5 damage, and now have 26/56 hp.
The howler monkey zombie closely misses you.
You slash the howler monkey zombie!
The howler monkey zombie closely misses you.
You hit the howler monkey zombie.
The howler monkey zombie hits you but does no damage.
You barely miss the howler monkey zombie.
The howler monkey zombie hits you but does no damage. 😨 HP[+1]
You hit the howler monkey zombie.
You destroy the howler monkey zombie!
Trog accepts your kill.
Key pressed, stopping explore.
A worm comes into view. 😮 HP[+9]
You regained 9 hp, and now have 36/56 hp.
A worm is nearby!
A worm is nearby!
A worm is nearby!
You are too injured to fight recklessly!
You are too injured to fight recklessly!
You are too injured to fight recklessly!
You see here a +0 giant club. 😮 HP[+1]
You slash the worm! The worm bites you! 😮 HP[-8]
You take 8 damage, and now have 29/56 hp.
You slash the worm!
You kill the worm!
Trog accepts your kill.
You see here a worm corpse. 😮 HP[+1] Key pressed, stopping explore.
Key pressed, stopping explore.
Key pressed, stopping explore.
Key pressed, stopping explore.
Key pressed, stopping explore.
o - 2 scrolls of enchant weapon (gained 1) Key pressed, stopping explore.
There is a stone staircase leading down here.
There is a stone staircase leading down here.
A wyvern comes into view. 😎 HP[+26]
Your hp is fully restored (56).
A wyvern is nearby!
Found an escape hatch in the floor.
The wyvern misses you.
You hit the wyvern but do no damage. The wyvern barely misses you.
The wyvern bites you. 😕 HP[-5]
You take 5 damage, and now have 51/56 hp.
You closely miss the wyvern.
The wyvern bites you but does no damage. x2
You hit the wyvern. The wyvern barely misses you.
You closely miss the wyvern. The wyvern closely misses you.
The wyvern barely misses you. 😕 HP[+1]
You closely miss the wyvern. The wyvern barely misses you.
The wyvern misses you.
You barely miss the wyvern. The wyvern barely misses you. x2
You closely miss the wyvern. The wyvern completely misses you.
The wyvern bites you! 😮 HP[-12]
You take 12 damage, and now have 40/56 hp.
MASSIVE DAMAGE!! (PAUSE)
You are too injured to fight recklessly!
You are too injured to fight recklessly!
You closely miss the wyvern. The wyvern bites you. The wyvern bites you!
* * * LOW HITPOINT WARNING * * *
😨 HP[-12]
You take 12 damage, and now have 28/56 hp.
MASSIVE DAMAGE!! (PAUSE)
You hit the wyvern. The wyvern bites you!
* * * LOW HITPOINT WARNING * * *
😱 HP[-17]
You take 17 damage, and now have 11/56 hp.
MASSIVE DAMAGE!! (PAUSE) It was a potion of cancellation.
You feel magically purged.
The wyvern bites you but does no damage.
The wyvern barely misses you.
It was a potion of magic.
Magic courses through your body. The wyvern closely misses you.
It was a potion of haste.
Your stasis prevents you from being hasted.
The wyvern bites you!
You die...

Skill      XL: |  1  2  3  4  5  6  7 |
---------------+----------------------+-----
Dodging        | 2 3 |  3.6
Axes           | 4 5 |  5.8
Armour         | 3 4 |  4.3
Fighting       | 4 5 |  5.1

Action                   |  1- 3 |  4- 6 |  7- 9 || total
-------------------------+-------+-------+-------++-------
Melee: Hand axe          |    20 |       |       ||    20
       Short sword       |    71 |   120 |     2 ||   193
       War axe           |       |       |    38 ||    38
 Abil: Dig               |       |     1 |       ||     1
  Use: Scroll            |     2 |     1 |     3 ||     6
       Potion            |       |     1 |     3 ||     4
 Stab: Sleeping          |     1 |       |       ||     1
Armor: Animal skin       |    12 |       |       ||    12
       Ring mail         |    17 |     7 |       ||    24
       Scale mail        |       |    36 |    18 ||    54
       Skin              |       |     1 |       ||     1
Dodge: Dodged            |    57 |    48 |    35 ||   140

Levels and vault maps discovered:
D:1:      lemuel_arrival_broad_hall, layout_loops_corners
D:2:      layout_basic, hellmonk_ecumenical_altar_prayer_group
D:3:      layout_loops_ring, hangedman_decor_slide_cut, uniq_ijyb
D:4:      layout_basic, minmay_temple_entry_fiery, kennysheep_cross_bottleneck,
          minmay_manual_mess, uniq_grinder
D:5:      layout_cave_pools, kennysheep_generic_room_5, uniq_sigmund

Notes
Turn   | Place    | Note
-------+----------+-------------------------------------------
     0 | D:1      | spiderkeys the Formicid Berserker began the quest for the
                  | Orb.
     0 | D:1      | Reached XP level 1. HP: 18/18 MP: 1/1
     0 | D:1      | magus.rc [v1.9.10]
   189 | D:1      | Reached XP level 2. HP: 11/24 MP: 2/2
   561 | D:1      | Reached skill level 2 in Dodging
   758 | D:1      | Reached XP level 3. HP: 29/29 MP: 3/3
  1512 | D:2      | Reached ** piety under Trog
  1530 | D:2      | Found a faded altar of an unknown god.
  1621 | D:2      | Reached XP level 4. HP: 28/37 MP: 4/4
  2246 | D:3      | Noticed Ijyb
  2254 | D:3      | Killed Ijyb
  2255 | D:3      | Reached skill level 4 in Axes
  2372 | D:3      | Reached skill level 3 in Armour
  2372 | D:3      | Reached XP level 5. HP: 40/42 MP: 5/5
  2400 | D:3      | Reached skill level 4 in Fighting
  2995 | D:3      | Reached XP level 6. HP: 35/48 MP: 6/6
  3307 | D:4      | You pick up a book of Changes {forbidden} and begin
                  | reading...
  3307 | D:4      | You add the spells Beastly Appendage, Wereblood, Spider
                  | Form, Ice Form and Hydra Form to your library.
  3560 | D:4      | Reached *** piety under Trog
  3681 | D:4      | Reached skill level 3 in Dodging
  3707 | D:4      | Found a staircase to the Ecumenical Temple.
  3821 | D:4      | Noticed Grinder
  3830 | D:4      | HP: 6/49 [Grinder (7)]
  3830 | D:4      | HP: 1/49 [Grinder (5)]
  3832 | D:4      | Killed Grinder
  3833 | D:4      | Reached skill level 5 in Axes
  3833 | D:4      | Reached skill level 4 in Armour
  3833 | D:4      | Reached XP level 7. HP: 3/55 MP: 7/7
  4658 | D:5      | Entered Level 5 of the Dungeon
  4695 | D:5      | Reached skill level 5 in Fighting
  4966 | D:5      | Noticed a wyvern
  4977 | D:5      | HP: 11/56 [wyvern (17)]
  4980 | D:5      | Slain by a wyvern

Vanquished Creatures
  Grinder (D:4)
  An ogre (D:5)
  A centaur zombie (D:4)
  A jelly (D:4)
  2 orc priests (D:3)
  A centaur skeleton (D:5)
  Ijyb (D:3)
  An orc wizard (D:3)
  A scorpion zombie (D:5)
  A howler monkey zombie (D:5)
  4 adders
  An adder skeleton (D:4)
  2 worms
  A dart slug (D:2)
  6 orcs
  2 ball pythons
  10 bats
  10 endoplasms
  3 giant cockroaches
  7 goblins
  8 hobgoblins
  7 jackals
  3 kobolds
  4 quokkas
  4 frilled lizards
  8 rats
91 creatures vanquished.

Table legend:
 A = Non-vault XP
 B = Vault XP
 C = Vault XP percentage of total XP
 D = Non-vault monster count
 E = Vault monster count
 F = Vault count percentage of total count
                 A         B        C        D         E       F
            +---------+---------+-------+---------+---------+-------
      Total |     618 |     325 |  34.5 |      85 |       6 |   6.6
            +---------+---------+-------+---------+---------+-------
        D:1 |      43 |       0 |   0.0 |      24 |       0 |   0.0
        D:2 |      40 |       4 |   9.1 |      17 |       2 |  10.5
        D:3 |     171 |      36 |  17.4 |      24 |       1 |   4.0
        D:4 |     127 |     285 |  69.2 |      12 |       3 |  20.0
        D:5 |     237 |       0 |   0.0 |       8 |       0 |   0.0
            +---------+---------+-------+---------+---------+-------

Illustrated notes

Table legend:
 A = Kills in this place as a percentage of kills in entire the game.
 B = Kills by you in this place as a percentage of kills by you in the entire game.
 C = Kills by friends in this place as a percentage of kills by friends in the entire game.
 D = Other kills in this place as a percentage of other kills in the entire game.
 E = Experience gained in this place as a percentage of experience gained in the entire game.
 F = Experience gained in this place divided by the number of levels of this place that you have seen.
                   A       B       C       D       E      F
               +-------+-------+-------+-------+-------+----------------------
         Total | 100.0 | 100.0 |   N/A |   N/A | 100.0 | 188.6
       Dungeon | 100.0 | 100.0 |   N/A |   N/A | 100.0 | 188.6
               +-------+-------+-------+-------+-------+----------------------

Table legend: (Time is in decaauts)
 A = Elapsed time spent in this place.
 B = Non-inter-level travel time spent in this place.
 C = Inter-level travel time spent in this place.
 D = Time resting spent in this place.
 E = Time spent auto-exploring this place.
 F = Levels seen in this place.
 G = Mean time per level.
                   A        B        C        D        E       F      G
               +--------+--------+--------+--------+--------+-----+--------+
         Total |   5009 |   4946 |     63 |    600 |   3676 |   5 | 1001.8 |
       Dungeon |   5009 |   4946 |     63 |    600 |   3676 |   5 | 1001.8 |
               +--------+--------+--------+--------+--------+-----+--------+

Top non-repeatable levels by time:
     D:4: 1439 daAuts
     D:1: 1388 daAuts
     D:3: 1119 daAuts
     D:2: 731 daAuts
     D:5: 329 daAuts
